 Dungeon Crawl Stone Soup version 0.25.0-15-gac7dcb8919 (webtiles) character file.

Game seed: 2680593472420693866

96 Descartes the Sneak (level 4, -9/19 HPs)
             Began as a Felid Transmuter on June 29, 2020.
             Killed from afar by an orc wizard (13 damage)
             ... with a puff of flame
             ... on level 3 of the Dungeon.
             The game lasted 00:06:30 (3695 turns).

Descartes the Sneak (Felid Transmuter)              Turns: 3695, Time: 00:06:31

Health: -9/19      AC:  1    Str:  7    XL:     4   Next: 41%
Magic:  8/8        EV: 18    Int: 14    God:
Gold:   62         SH:  0    Dex: 16    Spells: 1/7 levels left
                                        Lives:  0   Deaths: 1

rFire    . . .     SeeInvis +     - Unarmed
rCold    . . .     Gourm    .   (shield unavailable)
rNeg     . . .     Faith    .   (armour unavailable)
rPois    .         Spirit   .   (helmet unavailable)
rElec    .         Reflect  .   (cloak unavailable)
rCorr    .         Harm     .   (gloves unavailable)
MR       .....                  (boots unavailable)
Stlth    ++++......             (no amulet)
HPRegen  0.06/turn              (no ring)
MPRegen  0.11/turn              (no ring)

@: quick
A: very small, no armour, no weapons or thrown items, stealth, claws 1, fangs 3,
see invisible, carnivore, speed 1, shaggy fur 1, slow metabolism 1, sharp paws
a: no special abilities


You were on level 3 of the Dungeon.
You were full.

You visited 1 branch of the dungeon, and saw 3 of its levels.

You collected 62 gold pieces.

Inventory:

Missiles
 a - 16 arrows
 f - 75 stones
Jewellery
 e - an uncursed ring of magical power {unknown}
Scrolls
 b - 2 scrolls of teleportation {unknown}
 h - 4 scrolls of identify {unknown}
 j - a scroll of blinking {unknown}
 k - a scroll of enchant armour {unknown}
 n - a scroll of immolation {unknown}
 o - a scroll of fear {unknown}
Potions
 d - a potion of heal wounds {unknown}
 g - a potion of lignification {unknown}
 i - a potion of cancellation {unknown}
 l - a potion of degeneration {unknown}
 m - a potion of mutation {unknown}
Comestibles
 c - 7 rations


   Skills:
 - Level 1.0 Fighting
 + Level 2.7 Dodging
 + Level 6.7 Stealth
 * Level 3.0 Unarmed Combat
 - Level 2.0 Spellcasting
 - Level 2.1 Transmutations


You had one spell level left.
You knew the following spells:

 Your Spells              Type           Power        Failure   Level  Hunger
a - Beastly Appendage     Tmut           #.....       10%         1    ##.....
b - Sticks to Snakes      Tmut           #.......     14%         2    ###....
c - Spider Form           Tmut/Pois      #.........   41%         3    ####...

Your spell library contained the following spells:

 Spells                   Type           Power        Failure   Level  Hunger
 Ice Form                 Ice/Tmut       #.......     83%         4    #####..
 Blade Hands              Tmut           #.........   95%         5    ######.


Dungeon Overview and Level Annotations

Branches:
Dungeon (3/15)

Altars:
Nemelex Xobeh


Innate Abilities, Weirdness & Mutations

You cannot wear armour.
You are incapable of wielding weapons or throwing items.
Your paws allow you to move quietly. (Stealth)
You have sharp claws.
You have razor-sharp teeth.
You have supernaturally acute eyesight. (SInv)
You are carnivorous and can eat meat at any time.
You cover ground quickly.
You are covered in fur. (AC +1)
You have a slow metabolism.
Your sharp claws are effective at attacking unaware monsters.


Message History

You scratch the giant cockroach but do no damage.
The giant cockroach is severely wounded.
The orc wizard misses you. The giant cockroach misses you.
You scratch the giant cockroach.
You kill the giant cockroach!
The orc wizard closely misses you.
You closely miss the orc wizard.
The orc wizard hits you but does no damage.
You barely miss the orc wizard. Your headbutt misses the orc wizard.
Your horns disappear.
The orc wizard gestures at you while chanting.
The magic dart hits you!
Ouch! That really hurt!
* * * LOW HITPOINT WARNING * * *
You barely miss the orc wizard. The orc wizard closely misses you.
The orc wizard points at you and mumbles some strange words.
The puff of flame hits you!
Ouch! That really hurt!
You die...

# #.#
#.#.#######
#.#...oo.o#
###
#..%#####.#
.....###o###
....?.†....#
########o#)#
### #.#.# ..#
#@#.# #..
#.#.# #.#
#.#.# #.#
#.#.#######.#
#..÷........#
###.#######.#
##.## #.#
#...######.##
#...........#


You could see an orc priest and an orc wizard.

Vanquished Creatures
  A hound (D:2)
  2 adders (D:2)
  An ooze (D:1)
  A worm (D:2)
  A leopard gecko (D:1)
  4 orcs
  10 bats
  7 giant cockroaches
  7 goblins
  10 hobgoblins
  4 jackals (D:2)
  4 frilled lizards
  5 kobolds
  10 rats
67 creatures vanquished.

Vanquished Creatures (collateral kills)
  An adder (D:2)
  A rat (D:2)
2 creatures vanquished.

Grand Total: 69 creatures vanquished

Notes
Turn   | Place    | Note
-------+----------+-------------------------------------------
     0 | D:1      | Descartes the Felid Transmuter began the quest for the Orb.
     0 | D:1      | Reached XP level 1. HP: 9/9 MP: 4/4
    38 | D:1      | Reached skill level 1 in Stealth
   321 | D:1      | Reached skill level 2 in Stealth
   405 | D:1      | Reached XP level 2. HP: 12/12 MP: 6/6
   507 | D:1      | Learned a level 2 spell: Sticks to Snakes
   594 | D:1      | Reached skill level 3 in Stealth
  1125 | D:1      | Reached skill level 4 in Stealth
  1130 | D:1      | Reached XP level 3. HP: 15/15 MP: 7/7
  1453 | D:2      | Learned a level 3 spell: Spider Form
  1900 | D:2      | Reached skill level 5 in Stealth
  2284 | D:2      | Reached XP level 4. HP: 4/19 MP: 4/8
  2586 | D:2      | Noticed an ice beast
  2781 | D:2      | Slain by an ice beast
  2782 | D:2      | Reached XP level 3. HP: -5/15 MP: 2/7
  2787 | D:2      | Found a sparkling altar of Nemelex Xobeh.
  2845 | D:2      | Reached skill level 6 in Stealth
  2847 | D:2      | Reached XP level 4. HP: 19/19 MP: 8/8
  3695 | D:3      | Killed from afar by an orc wizard

Illustrated notes

Levels and vault maps discovered:
D:1:      co_arrival_square_in_a_square_in_a_square, layout_loops_corners,
          minmay_misc_feat_roman
D:2:      minmay_razor_zed, layout_loops_ring, nemelex_diamond_rough_becter
D:3:      layout_loops_ring, uniq_grinder

Skill      XL: |  1  2  3 |
---------------+----------+-----
Stealth        | 2 4 6 |  6.7
Fighting       | |  1.0
Dodging        | |  2.7
Unarmed Combat | |  3.0
Spellcasting   | |  2.0
Transmutations | |  2.1

Action                   |  1- 3 |  4- 6 || total
-------------------------+-------+-------++-------
Melee: Unarmed           |   123 |    92 ||   215
       Bite              |     9 |     7 ||    16
       Punch             |     2 |     4 ||     6
       Headbutt          |       |     2 ||     2
 Cast: Sticks to Snakes  |     4 |     8 ||    12
       Beastly Appendage |       |     3 ||     3
 Stab: Sleeping          |    15 |     7 ||    22
  Eat: Chunk             |    11 |     3 ||    14
Armor: Skin              |    12 |     5 ||    17
Dodge: Dodged            |    99 |    67 ||   166
